[ AOE2 MATCH · #507223498 ]
UnrankedCumans vs Persians
Player's team · WIN
Rival team · LOSS
[ REPLAY ANALYSIS · EXTRACTED FROM THE RECORDED GAME ]
Feudal
13:54
Castle
—
Imperial
—
| APM avg | 68.1 |
| APM peak | 102 |
| eAPM avg | 35.2 |
| Villagers / military | 55 / 0 |
Focus
⚔️ 27.0% · 🌾 73.0%
Feudal
—
Castle
—
Imperial
—
| APM avg | 39.8 |
| APM peak | 61 |
| eAPM avg | 17.7 |
| Villagers / military | 33 / 0 |
Focus
⚔️ 25.0% · 🌾 75.0%
Match map
Initial resources + every placement click. Lines = walls · curves = elevation contours. ◆ gold · ⬟ stone · ● berries · ✦ relic · ◌ wall gap
Your base· Open — unwalled flank
Failey's base· Open — unwalled flank
Smoothed initial terrain · ◌ = detected wall gap · hover for details
Inputs per minute
— Liêm học IT - - Failey
Build order — Liêm học IT
80 actions detected in the replay
| 0:01 | Queue | Villager (Male) ×4 |
| 0:01 | Queue | Villager (Male) ×4 |
| 0:02 | Build | House |
| 0:03 | Build | House |
| 1:28 | Queue | Villager (Male) |
| 1:28 | Queue | Villager (Male) |
| 2:01 | Research | Loom |
| 2:01 | Research | Loom |
| 2:32 | Queue | Villager (Male) |
| 2:32 | Queue | Villager (Male) |
| 2:41 | Queue | Villager (Male) |
| 2:41 | Queue | Villager (Male) |
| 2:42 | Queue | Villager (Male) |
| 3:16 | Queue | Villager (Male) |
| 3:16 | Queue | Villager (Male) |
| 3:18 | Queue | Villager (Male) |
| 3:18 | Queue | Villager (Male) |
| 3:24 | Build | Lumber Camp |
| 3:42 | Queue | Villager (Male) |
| 3:43 | Queue | Villager (Male) |
| 4:16 | Queue | Villager (Male) |
| 4:16 | Queue | Villager (Male) |
| 4:20 | Build | House |
| 4:27 | Queue | Villager (Male) |
| 4:27 | Queue | Villager (Male) |
| 4:59 | Queue | Villager (Male) |
| 4:59 | Queue | Villager (Male) |
| 5:21 | Queue | Villager (Male) |
| 5:22 | Queue | Villager (Male) |
| 5:29 | Build | Mill |
| 5:56 | Build | House |
| 6:22 | Queue | Villager (Male) |
| 6:22 | Queue | Villager (Male) |
| 6:38 | Build | Palisade Wall |
| 6:45 | Queue | Villager (Male) |
| 7:26 | Queue | Villager (Male) |
| 7:41 | Queue | Villager (Male) |
| 7:46 | Queue | Villager (Male) |
| 8:08 | Queue | Villager (Male) |
| 8:36 | Queue | Villager (Male) |
| 8:39 | Queue | Villager (Male) |
| 8:48 | Build | House |
| 8:58 | Build | Mill |
| 9:00 | Queue | Villager (Male) |
| 9:02 | Build | House |
| 9:06 | Build | Palisade Wall |
| 9:08 | Build | Palisade Wall |
| 9:19 | Queue | Villager (Male) |
| 9:42 | Queue | Villager (Male) |
| 9:52 | Queue | Villager (Male) |
| 10:36 | Build | Town Center |
| 10:47 | Build | Palisade Wall |
| 10:49 | Build | Palisade Wall |
| 10:50 | Build | Palisade Wall |
| 10:53 | Build | Palisade Wall |
| 10:53 | Build | Palisade Wall |
| 10:55 | Build | Palisade Wall |
| 11:44 | Research | Feudal Age |
| 11:44 | Research | Feudal Age |
| 11:50 | Queue | Villager (Male) |
| 11:50 | Queue | Villager (Male) |
| 11:50 | Queue | Villager (Male) |
| 12:03 | Queue | Villager (Male) |
| 12:13 | Build | Palisade Wall |
| 12:47 | Queue | Villager (Male) |
| 12:56 | Queue | Villager (Male) |
| 13:10 | Queue | Villager (Male) |
| 13:15 | Queue | Villager (Male) |
| 13:38 | Build | House |
| 13:39 | Build | House |
| 13:54 | Age | Feudal Age |
| 13:56 | Queue | Villager (Male) |
| 14:02 | Queue | Villager (Male) |
| 14:05 | Build | Town Center |
| 14:07 | Queue | Villager (Male) |
| 14:08 | Build | Farm |
| 14:10 | Build | Farm |
| 14:10 | Build | Farm |
| 14:24 | Queue | Villager (Male) |
| 14:24 | Queue | Villager (Male) |
Build order — Failey
48 actions detected in the replay
| 0:00 | Queue | Villager (Male) |
| 0:01 | Queue | Villager (Male) |
| 0:02 | Build | House |
| 0:03 | Build | House |
| 0:06 | Queue | Villager (Male) |
| 0:22 | Research | Loom |
| 0:22 | Queue | Villager (Male) |
| 0:23 | Queue | Villager (Male) |
| 0:29 | Queue | Villager (Male) |
| 0:34 | Queue | Villager (Male) |
| 1:47 | Queue | Villager (Male) |
| 1:57 | Build | Palisade Wall |
| 2:00 | Build | Palisade Wall |
| 2:01 | Build | Palisade Wall |
| 2:04 | Build | Palisade Wall |
| 2:33 | Queue | Villager (Male) |
| 3:04 | Queue | Villager (Male) |
| 3:18 | Build | House |
| 3:25 | Build | Palisade Wall |
| 3:28 | Build | Palisade Wall |
| 3:43 | Queue | Villager (Male) |
| 3:43 | Queue | Villager (Male) |
| 4:13 | Queue | Villager (Male) |
| 4:34 | Queue | Villager (Male) |
| 4:42 | Queue | Villager (Male) |
| 5:59 | Queue | Villager (Male) |
| 6:54 | Queue | Villager (Male) |
| 7:34 | Build | Town Center |
| 8:30 | Build | Lumber Camp |
| 8:35 | Queue | Villager (Male) |
| 8:35 | Queue | Villager (Male) |
| 8:48 | Queue | Villager (Male) |
| 8:48 | Queue | Villager (Male) |
| 9:05 | Build | House |
| 10:18 | Build | Mill |
| 10:55 | Queue | Villager (Male) |
| 11:32 | Queue | Villager (Male) |
| 11:40 | Queue | Villager (Male) |
| 12:02 | Queue | Villager (Male) |
| 12:50 | Queue | Villager (Male) |
| 12:58 | Queue | Villager (Male) |
| 13:00 | Queue | Villager (Male) |
| 13:00 | Queue | Villager (Male) |
| 13:17 | Build | House |
| 13:39 | Queue | Villager (Male) |
| 13:55 | Queue | Villager (Male) |
| 14:14 | Queue | Villager (Male) |
| 14:14 | Queue | Villager (Male) |
Match timeline
| 1:57 | Failey · wall_segment Palisade Wall x1 |
| 2:00 | Failey · wall_segment Palisade Wall x1 |
| 2:01 | Failey · wall_segment Palisade Wall x1 |
| 2:04 | Failey · wall_segment Palisade Wall x1 |
| 3:25 | Failey · wall_segment Palisade Wall x1 |
| 3:28 | Failey · wall_segment Palisade Wall x1 |
| 6:38 | Liêm học IT · wall_segment Palisade Wall x1 |
| 9:06 | Liêm học IT · wall_segment Palisade Wall x1 |
| 9:08 | Liêm học IT · wall_segment Palisade Wall x1 |
| 10:47 | Liêm học IT · wall_segment Palisade Wall x1 |
| 10:49 | Liêm học IT · wall_segment Palisade Wall x1 |
| 10:50 | Liêm học IT · wall_segment Palisade Wall x1 |
| 10:53 | Liêm học IT · wall_segment Palisade Wall x1 |
| 10:53 | Liêm học IT · wall_segment Palisade Wall x1 |
| 10:55 | Liêm học IT · wall_segment Palisade Wall x1 |
| 12:13 | Liêm học IT · wall_segment Palisade Wall x1 |
| 13:54 | Liêm học IT · age_up feudal |
| 14:24 | Failey · resign |
[ AI ANALYSIS · 1 CREDIT ]
What really happened in this match?
Wolo.gg analyzes every decision: build order, eco, micro, common mistakes by bracket. Personalized analysis on WhatsApp or Discord in 30 seconds.
Civ guide
Cumans
Perfil
Jugador #14648183